Map: Ascension to Aiur LE

Players

iaguz

  • Race: Terran Terran
  • Spawn Location: 11:00

Seither - Winner!

  • Race: Terran Terran
  • League: Master
  • Spawn Location: 5:00

VOD

Have the link to the VOD?

Description

Time

  • Played on: May 20, 2017, 9:33 p.m.
  • Length: 9:45
Show
View Real Time Build Order
Export as new Build Order

iaguz Terran 

Build Orders: Reaper Expand 

Get SALT Encoding   

  12  0:00  SCV  
  13  0:12  SCV  
  14  0:17  Supply Depot  
  14  0:24  SCV  
  14  0:28  Refinery  
  15  0:38  SCV  
  16  0:44  Barracks  
  16  0:51  SCV  
  17  1:03  SCV  
  18  1:15  SCV  
  19  1:31  Orbital Command, Reaper  
  20  1:42  Command Center  
  20  1:53  Factory  
  20  1:57  SCV  
  21  2:02  Refinery  
  21  2:05  Barracks Reactor  
  21  2:09  SCV  
  21  2:14  Supply Depot  
  22  2:17  Marine  
  22  2:22  Bunker  
  22  2:35  Marine  
  22  2:40  Hellion  
  24  2:54  Marine  
  24  2:58  SCV  
  24  2:59  Starport  
  25  3:08  Supply Depot  
  25  3:14  Cyclone  
  28  3:21  SCV  
  28  3:27  Marine  
  29  3:31  Command Center  
  30  3:38  Medivac  
  27  3:42  SCV  
  24  3:54  SCV  
  23  4:06  SCV  
  23  4:07  Cyclone  
  27  4:18  SCV  
  27  4:20  Marine  
  29  4:27  Medivac  
  29  4:30  SCV  
  32  4:40  Marine  
  32  4:43  SCV  
  37  4:55  SCV  
  35  5:08  SCV  
  35  5:12  Orbital Command  
  30  5:14  Starport Tech Lab  
  30  5:15  Factory Tech Lab, Barracks Reactor  
  30  5:20  SCV  
  28  5:33  Raven  
  28  5:34  SCV  
  31  5:38  SCV  
  32  5:45  Siege Tank  
  32  5:46  SCV  
  36  5:50  SCV  
  36  5:51  Marine x2  
  39  5:58  SCV  
  39  6:02  SCV  
  41  6:05  Command Center  
  41  6:10  Marine  
  41  6:11  Marine, SCV  
  43  6:14  SCV  
  45  6:19  Hellion  
  45  6:24  Raven  
  50  6:25  SCV  
  50  6:26  SCV  
  51  6:35  Supply Depot  
  51  6:38  Marine x2  
  54  6:40  SCV  
  54  6:45  Supply Depot  
  54  6:53  SCV, Siege Tank  
  58  6:54  SCV  
  58  6:58  Marine x2  
  61  7:05  SCV  
  61  7:06  SCV  
  61  7:08  Barracks  
  63  7:15  Barracks  
  63  7:17  SCV  
  63  7:19  SCV  
  63  7:20  Orbital Command  
  65  7:31  Viking  
  65  7:32  SCV  
  65  7:33  SCV  
  65  7:36  Refinery  
  69  7:37  Refinery  
  69  7:41  Marine  
  72  7:45  SCV x2  
  72  7:49  SCV  
  75  7:58  SCV  
  74  8:01  Engineering Bay  
  74  8:02  Engineering Bay  
  74  8:04  Barracks Reactor  
  74  8:05  SCV x2, Barracks Reactor  
  74  8:10  SCV  
  75  8:15  Starport Reactor  
  74  8:20  SCV  
  74  8:26  SCV  
  74  8:33  Marine  
  74  8:34  Marine x2, Siege Tank  
  66  8:37  Barracks  
  66  8:38  SCV x3, Barracks  
  73  8:42  Marine, Supply Depot  
  73  8:43  Marine  
  73  8:46  Supply Depot  
  75  8:49  Supply Depot  
  75  8:52  Marine  
  75  8:53  Marine x2  
  78  9:00  Medivac  
  78  9:02  Marine x2  
  82  9:03  Medivac  
  82  9:06  SCV  
  82  9:08  SCV  
  86  9:15  Marine x2  
  86  9:16  Marine  
Show
View Real Time Build Order
Export as new Build Order

Seither Terran - Winner!

Build Orders: MMM Bio 

Get SALT Encoding   

  12  0:00  SCV  
  13  0:13  SCV  
  14  0:18  Supply Depot  
  14  0:25  SCV  
  15  0:40  Barracks  
  15  0:44  Refinery  
  15  0:57  Barracks  
  15  1:01  SCV  
  16  1:13  SCV  
  17  1:28  Orbital Command  
  17  1:29  Reaper  
  18  1:33  Refinery  
  18  1:44  Reaper  
  19  1:55  SCV  
  19  2:01  Reaper  
  21  2:03  Supply Depot  
  21  2:07  SCV  
  22  2:20  SCV  
  23  2:25  Reaper  
  23  2:26  Supply Depot  
  24  2:32  SCV  
  25  2:41  Reaper  
  25  2:44  SCV  
  26  2:56  SCV  
  27  2:58  Factory  
  27  3:01  Reaper  
  28  3:08  SCV  
  28  3:12  Supply Depot  
  29  3:20  SCV  
  30  3:32  SCV  
  30  3:44  Starport, SCV, Command Center  
  28  3:56  SCV  
  28  3:59  Cyclone  
  31  4:08  SCV, Bunker  
  32  4:10  Engineering Bay  
  32  4:20  SCV  
  32  4:21  Viking  
  35  4:33  SCV, Cyclone  
  39  4:45  SCV, Supply Depot  
  40  4:50  Barracks Reactor  
  40  4:54  Starport Tech Lab  
  40  4:57  SCV  
  36  5:12  Cyclone, Orbital Command  
  38  5:14  SCV  
  38  5:15  Raven  
  41  5:26  SCV  
  42  5:29  Orbital Command  
  42  5:31  Barracks Tech Lab, Marine x2  
  44  5:44  Command Center  
  44  5:45  Factory Tech Lab  
  44  5:50  SCV  
  44  5:51  Stimpack, Marine x2  
  46  6:00  SCV  
  46  6:02  Marine  
  48  6:07  Siege Tank  
  48  6:09  Marine x2  
  53  6:11  Refinery  
  53  6:17  Starport Reactor  
  53  6:18  SCV  
  53  6:19  SCV, Barracks  
  53  6:20  Marine  
  56  6:28  Marine x2  
  56  6:29  Supply Depot  
  56  6:30  SCV  
  56  6:31  SCV  
  59  6:34  Terran Infantry Weapons Level 1  
  59  6:43  Marine, SCV x2  
  59  6:45  Marine  
  63  6:48  Marine  
  63  6:50  Supply Depot  
  63  6:51  Siege Tank  
  67  6:57  Orbital Command  
  67  6:58  SCV x2  
  69  7:01  Marine  
  70  7:08  Refinery  
  70  7:10  SCV x2  
  70  7:12  Medivac x2  
  70  7:14  Marine x2  
  78  7:16  Barracks Reactor  
  78  7:21  Supply Depot  
  78  7:22  SCV x2  
  80  7:24  Supply Depot  
  79  7:31  Marine  
  79  7:32  Marine, Siege Tank  
  84  7:45  SCV x2, Barracks  
  84  7:46  Barracks  
  84  7:48  Medivac  
  88  7:59  Marine x4, SCV x2  
  88  8:00  Marine  
  95  8:06  Combat Shields  
  95  8:07  Supply Depot  
  95  8:11  Orbital Command  
  90  8:17  Marine  
  90  8:19  Marine x2  
  82  8:30  Marine x2  
  84  8:35  Marine, Barracks Reactor x2, Medivac x2  
  84  8:37  Marine x2  
  84  8:38  Supply Depot  
  91  8:43  SCV  
  91  8:44  SCV x2  
  91  8:48  Marine, Supply Depot  
  94  8:49  Supply Depot  
  94  8:51  Siege Tank  
  98  8:55  SCV  
  98  8:56  SCV x2  
  98  9:00  Armory  
  98  9:01  Marine  
  98  9:02  Marine, Engineering Bay  
  103  9:08  Marine x2, SCV x3  
  113  9:41  Refinery  
  113  9:43  Supply Depot, Refinery  
  113  9:44  Supply Depot  
Tags
 
Composition
MMM Bio
League
Master
Matchup
TvT
Race
Terran
Spawn Locations
Cross Positions
Add a new tag
Caveats
  • Supply blocks, unpowered buildings, or Contaminate may cause inaccurate times.
  • Supply counts are checked every 10 seconds.